 Dungeon Crawl Stone Soup version 0.17.1-3-g152610e (webtiles) character file.

6148 Shtopit the Basher (level 10, -1/68 HPs)
             Began as a Gargoyle Berserker on May 3, 2016.
             Was a High Priest of Trog.
             Slain by an orc knight
             ... wielding a +0 halberd
              (2 damage)
             ... in a bailey.
             The game lasted 00:22:45 (9111 turns).

Shtopit the Basher (Gargoyle Berserker)             Turns: 9111, Time: 00:22:45

Health: -1/68      AC: 23    Str: 25    XL:     10   Next: 90%
Magic:  19/19      EV:  8    Int:  7    God:    Trog [*****.]
Gold:   668        SH:  0    Dex:  9    Spells: 0 memorised, 9 levels left

rFire  . . .     SeeInvis .     x - +2 flail (drain)
rCold  . . .     Clarity  +     B - +0 plate armour
rNeg   + . .     SustAt   .     (no shield)
rPois  ∞         Gourm    .     v - +0 helmet
rElec  +         Spirit   .     (no cloak)
rCorr  .         Warding  .     D - +0 pair of gloves
rMut   .         Stasis   .     (no boots)
MR     .....                    (no amulet)
Stlth  ..........               Q - ring of stealth
                                w - ring of magical power

@: exhausted, slowed, very slow, not resistant to hostile enchantments,
extremely unstealthy
A: talons 1, clarity, negative energy resistance 1, electricity resistance, wild
magic 1, unbreathing, petrification resistance, rot immunity, AC +7
a: Berserk, Trog's Hand, Brothers in Arms, Burn Spellbooks, Renounce Religion


You were in a bailey.
You worshipped Trog.
Trog was extremely pleased with you.
You were very hungry.

You visited 1 branch of the dungeon, and saw 9 of its levels.
You also visited: Sewer and Bailey.

You collected 668 gold pieces.

Inventory:

Hand Weapons
 a - a +0 mace
 x - a +2 flail of draining (weapon)
Missiles
 g - 8 tomahawks (quivered)
Armour
 b - a +0 animal skin
 h - a +0 leather armour
 p - a +0 scale mail
 r - a +0 helmet
 v - a +0 helmet (worn)
 A - a +3 ring mail
 B - a +0 plate armour (worn)
 D - a +0 pair of gloves (worn)
 O - a cursed +0 chain mail
Jewellery
 f - an uncursed ring of see invisible {unknown}
 j - a +3 ring of intelligence
 w - a ring of magical power (left hand)
 Q - a ring of stealth (right hand)
Wands
 o - a wand of frost (48)
 C - a wand of confusion (36)
 F - a wand of cold (9)
 I - a wand of disintegration (10)
 L - a wand of digging (14)
Scrolls
 d - a scroll of identify
 e - 6 scrolls of teleportation
 y - 2 scrolls of remove curse
 E - 3 scrolls of recharging
Potions
 i - a potion of agility
 k - 5 potions of flight
 m - a potion of cancellation {unknown}
 q - 2 potions of degeneration
 t - 2 potions of poison
 u - 5 potions of heal wounds {unknown}
 z - a potion of lignification
 G - 2 potions of curing
 H - a potion of beneficial mutation {unknown}
 J - a potion of might {unknown}
 N - 3 potions of berserk rage {unknown}
Comestibles
 c - 12 bread rations
 l - 11 slices of pizza
 n - 5 meat rations
 s - 8 chunks of flesh
 M - 3 fruits


   Skills:
 + Level 10.0 Fighting
 + Level 10.3 Maces & Flails
 + Level 8.8 Armour
 + Level 4.4 Dodging
 - Level 0.5 Stealth


You had 9 spell levels left.
You didn't know any spells.

Dungeon Overview and Level Annotations

Branches:
Dungeon (9/15)             Temple (0/1) D:5             Orc (0/4) D:9
   Lair: D:8-11

Altars:
Dithmenos
Elyvilon
Fedhas
Gozag
Kikubaaqudgha
Nemelex Xobeh
Okawaru
Qazlal
Sif Muna
Vehumet
Xom
Yredelemnul
The Shining One


Innate Abilities, Weirdness & Mutations

You are resistant to torment.
Your stone body is resilient (AC +7).
You are immune to poison.
You resist negative energy.
You are resistant to electric shocks.
You can survive without breathing.
You are immune to petrification.
You are immune to rotting.
You have sharp toenails.
You possess an exceptional clarity of mind.
Your spells are a little harder to cast, but a little more powerful.


Message History

You are exhausted.
You feel yourself slow down.
You are feeling hungry.
The orc knight hits you from afar with a halberd!!
You sock the orc knight!
The orc knight is moderately wounded.
You are feeling very hungry.
The orc knight hits you with a glaive!
* * * LOW HITPOINT WARNING * * *
The orc knight hits you but does no damage.
Drink which item? (? for menu, Esc to quit)
Okay, then.
The orc knight barely misses you.
The orc knight hits you but does no damage.
The orc knight hits you from afar with a glaive!
* * * LOW HITPOINT WARNING * * *
There is a huge open gate here.
The orc knight grunts noisily.
The orc knight hits you from afar with a halberd.
You die...

########### ####### ###
..........###.....#########..
...........'....)))#.....#...
..??.....).'....)).'.....'...
.?.?.....)o'....).)'.....'...
.???......o'@...)))'.....'...
...........'.......#.....#...
..........###.....#########..
########### ####### ###


You could see 2 orc knights.

Vanquished Creatures
  An orc knight (Bailey)
  2 trolls (D:9)
  Grinder (D:3)
  3 yaks (D:9)
  A hungry ghost (D:9)
  2 hippogriffs (D:7)
  A warg (D:9)
  A water moccasin (D:9)
  10 orc warriors
  2 ice beasts
  A sky beast (D:9)
  A phantom (D:4)
  A necrophage (D:9)
  4 ogres
  A big kobold (D:8)
  4 giant frogs
  3 scorpions
  A wyvern skeleton (D:9)
  6 killer bees (D:9)
  9 crimson imps
  A wasp zombie (D:7)
  3 orc priests
  6 jellies
  3 hounds
  6 orc wizards
  A centaur skeleton (D:3)
  Terence (D:2)
  2 iguanas
  6 worker ants
  Natasha (twice) (D:2)
  2 hound skeletons
  A worker ant zombie (D:7)
  Robin (D:2)
  15 gnolls
  8 adders
  3 oozes
  An adder zombie (D:5)
  3 worms
  42 orcs
  4 ball pythons
  9 hobgoblins
  10 jackals
  8 kobolds
  6 quokkas
  14 bats
  5 giant cockroaches
  A giant cockroach zombie (D:5)
  3 giant geckos
  2 giant gecko skeletons (D:4)
  5 giant newts
  17 goblins
  A jackal skeleton (D:4)
  A jackal zombie (D:6)
  4 rats
252 creatures vanquished.

Vanquished Creatures (others)
  A goblin (D:2)
1 creature vanquished.

Grand Total: 253 creatures vanquished

Notes
Turn   | Place    | Note
--------------------------------------------------------------
     0 | D:1      | Shtopit the Gargoyle Berserker began the quest for the Orb.
     0 | D:1      | Reached XP level 1. HP: 14/14 MP: 1/1
   328 | D:1      | Reached XP level 2. HP: 13/19 MP: 2/2
   713 | D:1      | Reached XP level 3. HP: 24/24 MP: 3/3
  1056 | D:2      | Noticed Terence
  1061 | D:2      | Killed Terence
  1261 | D:2      | Reached skill level 4 in Fighting
  1292 | D:2      | Noticed Robin
  1298 | D:2      | Reached XP level 4. HP: 29/29 MP: 4/4
  1302 | D:2      | Reached ** piety under Trog
  1305 | D:2      | Killed Robin
  1416 | D:2      | Noticed Natasha
  1422 | D:2      | Killed Natasha
  1615 | D:2      | Found an iron altar of Okawaru.
  1622 | D:2      | Reached XP level 5. HP: 26/33 MP: 5/5
  1710 | D:2      | Noticed Natasha
  1717 | D:2      | Killed Natasha
  1984 | D:3      | Noticed Grinder
  2008 | D:3      | Paralysed by Grinder for 3 turns
  2024 | D:3      | Killed Grinder
  2024 | D:3      | Reached XP level 6. HP: 10/40 MP: 6/6
  2591 | D:3      | Found a basalt altar of Yredelemnul.
  2656 | D:3      | Found a shadowy altar of Dithmenos.
  2811 | D:3      | Reached skill level 5 in Fighting
  2811 | D:3      | Reached skill level 5 in Maces & Flails
  2811 | D:3      | Reached XP level 7. HP: 35/44 MP: 7/7
  2997 | D:4      | Found a glowing drain.
  3010 | Sewer    | Entered a sewer
  3064 | Sewer    | Reached *** piety under Trog
  3860 | D:4      | Found a shimmering altar of Xom.
  4113 | D:5      | Entered Level 5 of the Dungeon
  4143 | D:5      | Found a white marble altar of Elyvilon.
  4280 | D:5      | Reached XP level 8. HP: 49/51 MP: 8/8
  4312 | D:5      | Reached skill level 6 in Maces & Flails
  4978 | D:5      | Found a staircase to the Ecumenical Temple.
  5045 | D:5      | Reached skill level 5 in Armour
  5119 | D:5      | Found a deep blue altar of Sif Muna.
  5276 | D:6      | Found a shadowy altar of Dithmenos.
  5321 | D:6      | Found an opulent altar of Gozag.
  5569 | D:6      | Reached skill level 7 in Maces & Flails
  5726 | D:6      | Reached **** piety under Trog
  6381 | D:6      | Found a deep blue altar of Sif Muna.
  6390 | D:6      | Reached XP level 9. HP: 54/57 MP: 9/9
  6394 | D:6      | Found an ancient bone altar of Kikubaaqudgha.
  6394 | D:6      | Found a radiant altar of Vehumet.
  6584 | D:7      | Found a blossoming altar of Fedhas.
  6587 | D:7      | Found a stormy altar of Qazlal.
  6959 | D:7      | Gained mutation: You have sharp toenails. [potion of mutation]
  6959 | D:7      | Gained mutation: Your spells are a little harder to cast, but a little more powerful. [potion of mutation]
  6959 | D:7      | Gained mutation: You possess an exceptional clarity of mind. [potion of mutation]
  7206 | D:7      | Found a sparkling altar of Nemelex Xobeh.
  7452 | D:7      | Reached skill level 8 in Maces & Flails
  7842 | D:8      | Found a glowing golden altar of the Shining One.
  7865 | D:8      | Reached ***** piety under Trog
  8261 | D:9      | Found a staircase to the Orcish Mines.
  8273 | D:9      | Reached XP level 10. HP: 45/65 MP: 10/10
  8276 | D:9      | Reached skill level 9 in Maces & Flails
  8628 | D:9      | Found a flagged portal.
  8670 | Bailey   | Entered a bailey
  8981 | Bailey   | Reached skill level 10 in Maces & Flails
  9094 | Bailey   | Noticed an orc knight
  9099 | Bailey   | Noticed an orc knight
  9101 | Bailey   | Killed an orc knight
  9102 | Bailey   | Noticed an orc knight
  9102 | Bailey   | Reached skill level 10 in Fighting
  9109 | Bailey   | HP: 1/68 [orc knight/glaive (13)]
  9111 | Bailey   | Slain by an orc knight

Action                   |  1- 3 |  4- 6 |  7- 9 | 10-12 || total
-------------------------+-------+-------+-------+-------++-------
Melee: Mace              |    73 |    76 |       |       ||   149
       Flail             |       |    41 |   447 |   176 ||   664
Invok: Berserk           |     3 |     1 |     3 |     6 ||    13
       Burn Spellbooks   |       |       |     3 |       ||     3
  Use: Scroll            |       |       |    11 |       ||    11
       Potion            |       |       |    11 |       ||    11
  Eat: Chunk             |     3 |     6 |    21 |    10 ||    40
